 Dungeon Crawl Stone Soup version 0.23.2-40-g277498a001 (webtiles) character file.

Game seed: 11547162620467232507

455 Amplified the Skirmisher (level 6, 0/51 HPs)
             Began as a Demonspawn Skald on Aug 24, 2019.
             Killed from afar by an orc wizard (4 damage)
             ... with a magic dart
             ... on level 4 of the Dungeon.
             The game lasted 00:08:28 (4189 turns).

Amplified the Skirmisher (Demonspawn Skald)         Turns: 4189, Time: 00:08:29

Health: 0/51       AC:  7    Str: 11    XL:     6   Next: 76%
Magic:  9/9        EV: 10    Int: 20    God:
Gold:   158        SH:  0    Dex: 12    Spells: 1/9 levels left

rFire    . . .     SeeInvis .   g - +0 whip
rCold    . . .     Gourm    .   (no shield)
rNeg     . . .     Faith    .   b - +2 ring mail
rPois    .         Spirit   .   (helmet restricted)
rElec    .         Reflect  .   (no cloak)
rCorr    .         Harm     .   (no gloves)
MR       .....                  (no boots)
Stlth    +.........             p - amulet of magic regeneration
HPRegen  0.17/turn              q - +3 ring of intelligence
MPRegen  0.36/turn              (no ring)

@: no status effects
A: horns 1, rot immunity
a: no special abilities


You were on level 4 of the Dungeon.
You were not hungry.

You visited 1 branch of the dungeon, and saw 4 of its levels.

You collected 158 gold pieces.

Inventory:

Hand Weapons
 e - a +0 hunting sling
 g - a +0 whip (weapon)
Missiles
 i - 48 bolts
 k - 46 stones (quivered)
 r - 34 sling bullets
Armour
 b - a +2 ring mail (worn)
Jewellery
 p - an amulet of magic regeneration (around neck)
 q - a +3 ring of intelligence (left hand)
Scrolls
 a - a scroll of identify
 c - a scroll of remove curse
 h - 2 scrolls of magic mapping
Comestibles
 d - 5 rations
 f - 5 chunks of flesh


   Skills:
 * Level 5.1 Fighting
 * Level 4.7 Maces & Flails
 - Level 0.8 Armour
 - Level 1.7 Dodging
 - Level 2.0 Spellcasting
 * Level 1.6 Hexes
 - Level 2.6 Charms


You had one spell level left.
You knew the following spells:

 Your Spells              Type           Power        Failure   Level  Hunger
a - Infusion              Chrm           ##..         13%         1    #......
b - Song of Slaying       Chrm           ##......     19%         2    ##.....
c - Shroud of Golubria    Chrm/Tloc      #.........   32%         2    ##.....
d - Spectral Weapon       Hex/Chrm       ##......     43%         3    ###....

Your spell library contained the following spells:

 Spells                   Type           Power        Failure   Level  Hunger
 Confusing Touch          Hex            #.....       21%         1    #......
 Animate Skeleton         Necr           N/A          36%         1    #......
 Apportation              Tloc           #.....       36%         1    #......
 Summon Small Mammal      Summ           #...         36%         1    #......
 Regeneration             Chrm/Necr      #.........   54%         3    ###....


Dungeon Overview and Level Annotations

Branches:
Dungeon (4/15)
 Temple: D:4-7

Altars:
Gozag
Kikubaaqudgha


Innate Abilities, Weirdness & Mutations

You have a pair of small horns on your head.
You are immune to rotting.


Message History

The orc wizard points at you and mumbles some strange words.
The magic dart hits you but does no damage.
There is an escape hatch in the ceiling here.
There are monsters nearby!
There are monsters nearby!
Unknown command.
An orc wizard is nearby!
The orc wizard gestures wildly while chanting.
The orc wizard seems to speed up.
An orc comes into view. It is wielding a +0 club.
The orc hits you with a +0 falchion.
An orc priest comes into view. It is wielding a +0 flail.
The orc priest shouts!
The orc priest calls down the wrath of Beogh upon you.
Beogh smites you!
* * * LOW HITPOINT WARNING * * *
The orc closely misses you. The orc wizard casts a spell at you.
The magic dart hits you.
You die...

##### .###...###
.........
#+############...#### #
#................<#.. #.
#...>.....[...[)[....
#.##...@.####..).<#.(#..
#......o## #รท#####..#..
#.......#####.#......#..
#....o..........####....
#.##..#.................
# #..#.........#.###.##
#..#.<...###.# ....
#.o#o#.### .##.8...8
#..#.#.# ..#......


You could see an orc priest, an orc wizard and 2 orcs.

Vanquished Creatures
  Blork the orc (D:4)
  2 hounds
  2 orc priests (D:3)
  An orc wizard (D:3)
  Terence (D:3)
  Robin (D:2)
  6 adders
  3 gnolls (D:3)
  A worm (D:2)
  A dart slug (D:1)
  6 leopard geckos
  14 orcs
  2 ball pythons
  9 giant cockroaches
  14 goblins
  11 hobgoblins
  2 jackals (D:1)
  2 quokkas (D:2)
  7 bats
  8 frilled lizards
  9 kobolds
  7 rats
110 creatures vanquished.

Vanquished Creatures (others)
  A giant cockroach (D:4)
1 creature vanquished.

Grand Total: 111 creatures vanquished

Notes
Turn   | Place    | Note
-------+----------+-------------------------------------------
     0 | D:1      | Amplified the Demonspawn Skald began the quest for the Orb.
     0 | D:1      | Reached XP level 1. HP: 16/16 MP: 3/3
   126 | D:1      | Gained mutation: You have a pair of small horns on your
                  | head. [demonic ancestry]
   126 | D:1      | Reached XP level 2. HP: 2/23 MP: 0/5
  1094 | D:1      | Learned a level 2 spell: Song of Slaying
  1097 | D:1      | Learned a level 2 spell: Shroud of Golubria
  1118 | D:1      | Gained mutation: You are immune to rotting. [demonic
                  | ancestry]
  1118 | D:1      | Reached XP level 3. HP: 27/28 MP: 3/6
  1297 | D:2      | Reached skill level 3 in Fighting
  2023 | D:2      | Reached XP level 4. HP: 35/35 MP: 7/7
  2264 | D:3      | Noticed Terence
  2289 | D:3      | Killed Terence
  2465 | D:3      | Reached XP level 5. HP: 30/42 MP: 2/8
  2468 | D:3      | Reached skill level 4 in Fighting
  2849 | D:3      | Noticed Robin
  2886 | D:3      | Learned a level 3 spell: Spectral Weapon
  3136 | D:2      | Killed Robin
  3529 | D:3      | Reached XP level 6. HP: 45/49 MP: 7/9
  3860 | D:4      | Found an opulent altar of Gozag.
  3889 | D:3      | Found an ancient bone altar of Kikubaaqudgha.
  4035 | D:4      | Reached skill level 5 in Fighting
  4035 | D:4      | Reached skill level 1 in Hexes
  4037 | D:4      | Noticed Blork the orc
  4149 | D:4      | Killed Blork the orc
  4189 | D:4      | Killed from afar by an orc wizard

Skill      XL: |  1  2  3  4  5  6 |
---------------+-------------------+-----
Maces & Flails | 2 3 4 |  4.7
Fighting       | 3 4 5 |  5.1
Hexes          | 1 |  1.6
Armour         | |  0.8
Dodging        | |  1.7
Spellcasting   | |  2.0
Charms         | |  2.6

Action                   |  1- 3 |  4- 6 || total
-------------------------+-------+-------++-------
Melee: Mace              |    26 |       ||    26
       Whip              |   124 |   265 ||   389
       Headbutt          |    16 |    44 ||    60
 Fire: Hunting sling     |       |    27 ||    27
 Cast: Infusion          |    28 |     7 ||    35
       Song of Slaying   |     1 |     3 ||     4
       Shroud of Golubri |       |     2 ||     2
       Spectral Weapon   |       |     2 ||     2
  Use: Scroll            |    11 |     4 ||    15
       Potion            |       |     4 ||     4
 Stab: Invisible         |       |     4 ||     4
  Eat: Chunk             |     4 |     7 ||    11
       Ration            |       |     1 ||     1
Armor: Leather armour    |    45 |       ||    45
       Ring mail         |       |   111 ||   111
Dodge: Dodged            |    89 |   150 ||   239
